 Dungeon Crawl Stone Soup version 0.26-a0-466-g989023bd0d (webtiles) character file.

Game seed: 10078214350977405786

19 vurker the Chucker (level 2, -2/26 HPs)
             Began as a Minotaur Hunter on Aug 10, 2020.
             Slain by a worm (9 damage)
             ... on level 2 of the Dungeon.
             The game lasted 00:00:21 (117 turns).

vurker the Chucker (Minotaur Hunter)                 Turns: 117, Time: 00:00:22

Health: -2/26      AC:  3    Str: 16    XL:     2   Next: 55%
Magic:  1/1        EV: 12    Int:  8    God:
Gold:   17         SH:  0    Dex: 10    Spells: 1/1 levels left

rFire    . . .     SeeInvis .   a - +0 short sword
rCold    . . .     Faith    .   (no shield)
rNeg     . . .     Spirit   .   b - +0 leather armour
rPois    .         Reflect  .   (helmet restricted)
rElec    .         Harm     .   (no cloak)
rCorr    .                      (no gloves)
MR       .....                  (no boots)
Stlth    +.........             (no amulet)
HPRegen  0.08/turn              (no ring)
MPRegen  0.07/turn              (no ring)

@: lethally poisoned (-2 -> -6)
A: retaliatory headbutt, horns 2
a: no special abilities


You were on level 2 of the Dungeon.
You visited 1 branch of the dungeon, and saw 2 of its levels.

You collected 17 gold pieces.

Inventory:

Hand Weapons
 a - a +0 short sword (weapon)
Missiles
 c - 6 javelins (quivered)
 d - 2 throwing nets
Armour
 b - a +0 leather armour (worn)
Scrolls
 e - a scroll of teleportation {unknown}


   Skills:
 + Level 3.2 Fighting
 + Level 4.4 Throwing
 - Level 2.1 Dodging
 - Level 0.7 Stealth


You had one spell level left.
You didn't know any spells.
Your spell library was empty.

Dungeon Overview and Level Annotations

Branches:
Dungeon (1/15)

Altars:


Innate Abilities, Weirdness & Mutations

You reflexively headbutt those who attack you in melee.
You have a pair of horns on your head.


Message History

No target in view!
No target in view!
No target in view!
Found a ruby potion.
Found a ring mail.
A worm comes into view.
A worm is nearby!
A worm is nearby!
A frilled lizard and an adder come into view.
The frilled lizard hisses angrily.
The adder moves out of view.
A worm comes into view.
The adder hisses angrily.
You hit the worm. You headbutt the worm! The worm misses you.
You furiously retaliate!
You headbutt the worm!
You kill the worm!
Your Fighting skill increases to level 3!
You have reached level 2!
You closely miss the frilled lizard.
The frilled lizard hisses.
The frilled lizard bites you but does no damage.
You barely miss the frilled lizard. The frilled lizard misses you.
You closely miss the frilled lizard.
Your headbutt misses the frilled lizard.
The frilled lizard barely misses you.
You closely miss the frilled lizard. The frilled lizard bites you.
You hit the frilled lizard.
You kill the frilled lizard!
The adder bites you but does no damage.
You closely miss the adder. The adder barely misses you.
You closely miss the adder. The adder bites you. x2
You are poisoned.
The adder poisons you!
You closely miss the adder. Your headbutt misses the adder.
You feel sick. The adder barely misses you.
You hit the adder. Your headbutt misses the adder.
You feel sick.
The adder bites you but does no damage. x2
Your leather armour prevents you from hitting the adder.
The adder bites you.
* * * LOW HITPOINT WARNING * * *
You puncture the adder!
You feel sick. The adder bites you.
* * * LOW HITPOINT WARNING * * *
Unknown command.
Unknown command.
You aren't carrying any potions.
You hit the adder.
You kill the adder!
Unknown command.
You completely miss the worm.
You feel sick. The worm bites you!
You die...

... #.... ..... #.#.#
#.#.# #.#.# #w#.######
####### #@#.......
#...... #.#####.........
#......
#.......................
##.####.################
.[.!....................
###.#.......############
#.........# ##........#
#........#


You could see a worm.

Vanquished Creatures
  An adder (D:2)
  A worm (D:2)
  A dart slug (D:2)
  2 kobolds (D:1)
  A bat (D:1)
  A frilled lizard (D:2)
7 creatures vanquished.

Notes
Turn   | Place    | Note
-------+----------+-------------------------------------------
     0 | D:1      | vurker the Minotaur Hunter began the quest for the Orb.
     0 | D:1      | Reached XP level 1. HP: 18/18 MP: 0/0
    68 | D:1      | You fall into a shaft and drop 1 floor!
   102 | D:2      | Reached XP level 2. HP: 26/26 MP: 1/1
   117 | D:2      | Slain by a worm

Illustrated notes

Levels and vault maps discovered:
D:1:      minmay_arrival_hallway, layout_basic, minmay_misc_feat_doors,
          minmay_pentomino_u4
D:2:      layout_basic, gammafunk_temple_overflow_pools, uniq_jessica,
          uniq_robin

Skill      XL: |  1 |
---------------+----+-----
Fighting       | 3 |  3.2
Throwing       | |  4.4
Dodging        | |  2.1
Stealth        | |  0.7

Action                   || total
-------------------------++-------
Melee: Short sword       ||    20
       Headbutt          ||     2
Armor: Leather armour    ||     6
Dodge: Dodged            ||    10

Table legend: (Time is in decaauts)
 A = Elapsed time spent in this place.
 B = Non-inter-level travel time spent in this place.
 C = Inter-level travel time spent in this place.
 D = Time resting spent in this place.
 E = Time spent auto-exploring this place.
 F = Levels seen in this place.
 G = Mean time per level.
                   A        B        C        D        E       F      G
               +--------+--------+--------+--------+--------+-----+--------+
         Total |    118 |    118 |      0 |      0 |     74 |   2 |   59.0 |
       Dungeon |    118 |    118 |      0 |      0 |     74 |   2 |   59.0 |
               +--------+--------+--------+--------+--------+-----+--------+

Top non-repeatable levels by time:
     D:1: 68 daAuts
     D:2: 50 daAuts
